 Dungeon Crawl Stone Soup version 0.21-a0-401-g0b6bec4 (webtiles) character file.

144 tidbits the Charmwright (level 5, 43/43 HPs)
             Began as a Gnoll Skald on Oct 22, 2017.
             Quit the game on level 3 of the Dungeon.
             The game lasted 00:04:40 (600 turns).

tidbits the Charmwright (Gnoll Skald)                Turns: 600, Time: 00:04:41

Health: 43/43      AC:  5    Str: 14    XL:     5   Next: 26%
Magic:  12/12      EV: 13    Int: 16    God:
Gold:   127        SH:  0    Dex: 14    Spells: 3/14 levels left

rFire    . . .     SeeInvis .   a - +0 hand axe
rCold    . . .     Gourm    .   (no shield)
rNeg     . . .     Faith    .   B - +0 ring mail
rPois    .         Spirit   .   (no helmet)
rElec    .         Reflect  .   (no cloak)
rCorr    .         Harm     .   (no gloves)
MR       .....                  (no boots)
Stlth    +.........             (no amulet)
HPRegen  0.14/turn              (no ring)
MPRegen  0.13/turn              (no ring)

@: no status effects
A: distributed training, fangs 1, strong nose
a: no special abilities


You were on level 3 of the Dungeon.
You were not hungry.

You visited 1 branch of the dungeon, and saw 3 of its levels.

You collected 127 gold pieces.

Inventory:

Hand Weapons
 a - a +0 hand axe (weapon)
 e - a +0 hunting sling
Missiles
 f - 91 stones (quivered)
 g - 10 arrows
Armour
 b - a +0 leather armour
 B - a +0 ring mail (worn)
Wands
 l - a wand of flame (16/48)
Scrolls
 h - 2 scrolls of identify {unknown}
 j - 2 scrolls of immolation {unknown}
 m - a scroll of enchant weapon {unknown}
 n - a scroll of enchant armour {unknown}
 o - a scroll of remove curse {unknown}
 p - a scroll of fear {unknown}
 q - a scroll of recharging {unknown}
Potions
 i - a potion of might {unknown}
 k - a potion of experience {unknown}
Books
 c - a book of Battle

   Spells                             Type                      Level
   a - Infusion                       Charms                       1
   b - Shroud of Golubria             Charms/Translocation         2
   c - Song of Slaying                Charms                       2
   d - Spectral Weapon                Hexes/Charms                 3
   e - Regeneration                   Charms/Necromancy            3
Comestibles
 d - 3 bread rations


   Skills:
 + Level 4.7 Fighting
 + Level 1.4 Short Blades
 + Level 1.4 Long Blades
 + Level 4.7 Axes
 + Level 1.4 Maces & Flails
 + Level 1.4 Polearms
 + Level 1.4 Staves
 + Level 1.4 Slings
 + Level 1.4 Bows
 + Level 1.4 Crossbows
 + Level 1.4 Throwing
 + Level 2.9 Armour
 + Level 4.7 Dodging
 + Level 1.4 Stealth
 + Level 1.4 Shields
 + Level 1.4 Unarmed Combat
 + Level 5.1 Spellcasting
 + Level 1.1 Conjurations
 + Level 1.1 Hexes
 + Level 5.5 Charms
 + Level 1.1 Summonings
 + Level 1.1 Necromancy
 + Level 1.1 Translocations
 + Level 1.1 Transmutations
 + Level 1.1 Fire Magic
 + Level 1.1 Ice Magic
 + Level 1.1 Air Magic
 + Level 1.1 Earth Magic
 + Level 1.1 Poison Magic
 + Level 1.5 Invocations
 + Level 1.4 Evocations


You had 3 spell levels left.
You knew the following spells:

 Your Spells              Type           Power        Failure   Level  Hunger
g - Shroud of Golubria    Chrm/Tloc      ##........   12%         2    #......
i - Infusion              Chrm           ###.         3%          1    None
r - Regeneration          Chrm/Necr      ##........   22%         3    ###....
w - Spectral Weapon       Hex/Chrm       ##......     22%         3    ###....
y - Song of Slaying       Chrm           ###.....     4%          2    #......


Dungeon Overview and Level Annotations

Branches:
Dungeon (3/15)

Altars:


Innate Abilities, Weirdness & Mutations

Your experience applies equally to all skills.
You have very sharp teeth.
Your uncanny sense of smell can sniff out nearby items.


Message History

Your skin crawls.
A hobgoblin comes into view. It is wielding a club.
The hobgoblin shouts!
Your spectral weapon fades away.
Casting: Regeneration
Confirm with . or Enter, or press ? or * to list all spells.
You don't have enough magic to cast that spell.
Your skin is crawling a little less now.
You closely miss the hobgoblin. The hobgoblin closely misses you.
A giant cockroach comes into view.
You hit the hobgoblin.
The hobgoblin is lightly wounded.
The hobgoblin barely misses you.
You hit the hobgoblin.
You kill the hobgoblin!
You see here a club.
Your skin stops crawling.
You see here 13 gold pieces.
You hit the giant cockroach but do no damage.
The giant cockroach closely misses you. The giant cockroach misses you.
You hit the giant cockroach but do no damage.
The giant cockroach barely misses you.
You hit the giant cockroach.
You kill the giant cockroach!
You now have 106 gold pieces (gained 13).
Found 9 gold pieces.
You see here 9 gold pieces.
You now have 115 gold pieces (gained 9).
There is an escape hatch in the floor here.
You slide downwards.
The hatch slams shut behind you.
A dart slug comes into view.
Found a scroll labeled RIGIOR ERHYO.
Found 11 stones.
You see here 11 stones.
f - 71 stones (gained 11)
You hit the dart slug.
The dart slug is moderately wounded.
The dart slug closely misses you.
You hit the dart slug but do no damage.
The dart slug is moderately wounded.
You hit the dart slug.
The dart slug is severely wounded.
The dart slug bites you but does no damage.
You hit the dart slug but do no damage.
The dart slug is severely wounded.
The dart slug closely misses you.
You hit the dart slug.
You kill the dart slug!
Found a rapier and a scroll labeled YLIORR ZERIEKH.
You see here a scroll labeled RIGIOR ERHYO.
n - a scroll labeled RIGIOR ERHYO You see here a rapier.
You see here a scroll labeled YLIORR ZERIEKH.
o - a scroll labeled YLIORR ZERIEKH Natasha, Servant of Life and Death comes into view.
Natasha hisses angrily.
Natasha howls an incantation.
You feel troubled. Natasha casts a spell at you. The magic dart hits you!
Casting: Regeneration
Confirm with . or Enter, or press ? or * to list all spells.
You draw out your weapon's spirit!
Natasha closely misses you.
You hit Natasha.
Natasha is lightly wounded.
Your spectral weapon hits Natasha.
Natasha barely misses you.
You slash Natasha!
You kill Natasha!
Natasha growls in agony!
Found 20 stones.
Your spectral weapon fades away.
You see here 20 stones.
f - 91 stones (gained 20) Magic restored.
Found a mace.
HP restored.
You see here a mace.
Found a scroll labeled DEYSUS AXOLAJ.
Found 12 gold pieces.
You see here a scroll labeled DEYSUS AXOLAJ.
p - a scroll labeled DEYSUS AXOLAJ You see here 12 gold pieces.
You now have 127 gold pieces (gained 12).
Found a stone staircase leading up.
There is a stone staircase leading up here.
You climb upwards.
Found a dagger.
There is a stone staircase leading down here.
You climb downwards.
There is a stone staircase leading up here.
Found a scroll labeled XASORE NABONT.
You see here a scroll labeled XASORE NABONT.
q - a scroll labeled XASORE NABONT You see here a club.
Things that are here:
a stone; the felid skeleton of Natasha
There is a stone staircase leading down here.
You climb downwards.
There is a stone staircase leading up here.
Are you sure you want to abandon this character and quit the game? (Confirm with "yes".)

##################
................@#
###.......########
#.......#
#.......#
#.......#
#.......#
#.......#
#.......#
#########


There were no monsters in sight!

Vanquished Creatures
  Jessica (D:2)
  Natasha (twice) (D:2)
  4 adders
  An ooze (D:2)
  2 dart slugs
  A leopard gecko (D:1)
  A giant cockroach (D:1)
  3 goblins
  3 hobgoblins
  5 jackals (D:1)
  3 kobolds
  A bat (D:3)
  A rat (D:3)
28 creatures vanquished.

Notes
Turn   | Place    | Note
-------+----------+-------------------------------------------
     0 | D:1      | tidbits the Gnoll Skald began the quest for the Orb.
     0 | D:1      | Reached XP level 1. HP: 20/20 MP: 6/6
    49 | D:1      | Reached XP level 2. HP: 23/26 MP: 4/7
    57 | D:1      | Learned a level 2 spell: Song of Slaying
    60 | D:1      | Learned a level 2 spell: Shroud of Golubria
   190 | D:3      | Reached XP level 3. HP: 31/31 MP: 6/9
   195 | D:3      | Learned a level 3 spell: Regeneration
   199 | D:3      | Learned a level 3 spell: Spectral Weapon
   213 | D:2      | Noticed Natasha
   219 | D:2      | Killed Natasha
   219 | D:2      | Reached skill level 5 in Spellcasting
   219 | D:2      | Reached skill level 1 in Invocations
   228 | D:2      | HP: 3/31 [adder (1)]
   229 | D:2      | HP: 1/31 [adder (1)]
   231 | D:2      | Reached skill level 1 in Short Blades
   231 | D:2      | Reached skill level 1 in Long Blades
   231 | D:2      | Reached skill level 1 in Maces & Flails
   231 | D:2      | Reached skill level 1 in Polearms
   231 | D:2      | Reached skill level 1 in Staves
   231 | D:2      | Reached skill level 1 in Slings
   231 | D:2      | Reached skill level 1 in Bows
   231 | D:2      | Reached skill level 1 in Crossbows
   231 | D:2      | Reached skill level 1 in Throwing
   231 | D:2      | Reached skill level 1 in Stealth
   231 | D:2      | Reached skill level 1 in Shields
   231 | D:2      | Reached skill level 1 in Unarmed Combat
   231 | D:2      | Reached skill level 1 in Evocations
   231 | D:2      | Reached XP level 4. HP: 24/38 MP: 1/11
   314 | D:2      | Noticed Jessica
   321 | D:2      | Killed Jessica
   321 | D:2      | Reached skill level 1 in Conjurations
   321 | D:2      | Reached skill level 1 in Hexes
   321 | D:2      | Reached skill level 1 in Summonings
   321 | D:2      | Reached skill level 1 in Necromancy
   321 | D:2      | Reached skill level 1 in Translocations
   321 | D:2      | Reached skill level 1 in Transmutations
   321 | D:2      | Reached skill level 1 in Fire Magic
   321 | D:2      | Reached skill level 1 in Ice Magic
   321 | D:2      | Reached skill level 1 in Air Magic
   321 | D:2      | Reached skill level 1 in Earth Magic
   321 | D:2      | Reached skill level 1 in Poison Magic
   356 | D:1      | Reached XP level 5. HP: 19/43 MP: 4/12
   421 | D:2      | Noticed Natasha
   427 | D:2      | Killed Natasha
   600 | D:3      | Quit the game

Vault maps used:
D:1:      dpeg_arrival_rooms_a
D:2:      lemuel_blue_sif_altar, lemuel_coloured_pillars_altar, uniq_natasha,
          uniq_jessica
D:3:      kennysheep_slug_shrine, chequers_ecumenical_altar_twisty

Skill      XL: |  1  2  3  4 |
---------------+-------------+-----
Spellcasting   | 5 |  5.1
Invocations    | 1 |  1.5
Short Blades   | 1 |  1.4
Long Blades    | 1 |  1.4
Maces & Flails | 1 |  1.4
Polearms       | 1 |  1.4
Staves         | 1 |  1.4
Slings         | 1 |  1.4
Bows           | 1 |  1.4
Crossbows      | 1 |  1.4
Throwing       | 1 |  1.4
Stealth        | 1 |  1.4
Shields        | 1 |  1.4
Unarmed Combat | 1 |  1.4
Evocations     | 1 |  1.4
Conjurations   | 1 |  1.1
Hexes          | 1 |  1.1
Summonings     | 1 |  1.1
Necromancy     | 1 |  1.1
Translocations | 1 |  1.1
Transmutations | 1 |  1.1
Fire Magic     | 1 |  1.1
Ice Magic      | 1 |  1.1
Air Magic      | 1 |  1.1
Earth Magic    | 1 |  1.1
Poison Magic   | 1 |  1.1
Fighting       | |  4.7
Axes           | |  4.7
Armour         | |  2.9
Dodging        | |  4.7
Charms         | |  5.5

Action                   |  1- 3 |  4- 6 || total
-------------------------+-------+-------++-------
Melee: Hand axe          |    34 |    32 ||    66
       Bite              |     1 |     1 ||     2
 Cast: Infusion          |     4 |     2 ||     6
       Spectral Weapon   |     2 |     3 ||     5
       Regeneration      |       |     2 ||     2
  Use: Potion            |     2 |       ||     2
Armor: Ring mail         |    22 |     6 ||    28
Dodge: Dodged            |    37 |    22 ||    59

Table legend:
 A = Spawn XP
 B = Non-spawn XP
 C = Spawn XP percentage of total XP
 D = Spawn monster count
 E = Non-spawn monster count
 F = Spawn count percentage of total count
 G = Total turns spent on level
                    A         B        C        D         E        F      G
               +---------+---------+-------+---------+---------+-------+---------
         Total |       0 |     206 |   0.0 |       0 |      28 |   0.0 |   600
               +---------+---------+-------+---------+---------+-------+---------
           D:1 |       0 |      27 |   0.0 |       0 |      12 |   0.0 |   155
           D:2 |       0 |     160 |   0.0 |       0 |      11 |   0.0 |   357
           D:3 |       0 |      19 |   0.0 |       0 |       5 |   0.0 |    88
               +---------+---------+-------+---------+---------+-------+---------

Table legend:
 A = Turns spent in this place as a percentage of turns spent in the entire game.
 B = Non-inter-level travel turns spent in this place as a percentage of non-inter-level travel turns spent in the entire game.
 C = Inter-level travel turns spent in this place as a percentage of turns spent in this place.
 D = Turns resting spent in this place as a percentage of non-inter-level travel turns spent in this place.
 E = Turns spent auto-exploring this place as a percentage of non-inter-level travel turns spent in this place.
 F = Non-inter-level travel turns spent in this place divided by the number of levels of this place that you've seen.
                   A       B       C       D       E      F
               +-------+-------+-------+-------+-------+----------------------
         Total | 100.0 | 100.0 |   5.8 |   0.0 |   0.0 | 188.3
       Dungeon | 100.0 | 100.0 |   5.8 |   0.0 |   0.0 | 188.3
               +-------+-------+-------+-------+-------+----------------------

Table legend:
 A = Kills in this place as a percentage of kills in entire the game.
 B = Kills by you in this place as a percentage of kills by you in the entire game.
 C = Kills by friends in this place as a percentage of kills by friends in the entire game.
 D = Other kills in this place as a percentage of other kills in the entire game.
 E = Experience gained in this place as a percentage of experience gained in the entire game.
 F = Experience gained in this place divided by the number of levels of this place that you have seen.
                   A       B       C       D       E      F
               +-------+-------+-------+-------+-------+----------------------
         Total | 100.0 | 100.0 |   N/A |   N/A | 100.0 |  68.7
       Dungeon | 100.0 | 100.0 |   N/A |   N/A | 100.0 |  68.7
               +-------+-------+-------+-------+-------+----------------------

Vault maps used:
D:1:      dpeg_arrival_rooms_a
D:2:      lemuel_blue_sif_altar, lemuel_coloured_pillars_altar, uniq_natasha,
          uniq_jessica
D:3:      kennysheep_slug_shrine, chequers_ecumenical_altar_twisty
